 Dungeon Sprint DCSS version 0.27-a0-34-gc18c9092ac (webtiles) character file.

Game seed: 1664205265427654803

35148 Zeldest the Severer (level 13, -27/115 HPs)
             Began as a Mummy Fighter on Jan 5, 2021.
             Was the Champion of Makhleb.
             Annihilated by an Orb Guardian (33 damage)
             ... in the Dungeon (Sprint V: "Ziggurat Sprint").
             The game lasted 00:08:19 (485 turns).

Zeldest the Severer (Mummy Fighter)                  Turns: 485, Time: 00:08:19

Health: -27/115    AC: 31    Str: 29    XL:     13   Next: 46%
Magic:  13/13      EV:  1    Int:  8    God:    Makhleb [******]
Gold:   0          SH: 32    Dex: 15    Spells: 12/12 levels left

rFire    + . .     SeeInvis +   t - +14 obsidian axe {vorpal, +Fly SInv *Curse} (curse)
rCold    + + +     Faith    .   u - +18 shield of the Gong {rElec rN+ Will+ EV-5}
rNeg     + + +     Spirit   .   a - +9 gold dragon scales
rPois    ∞         Reflect  .   (no helmet)
rElec    +         Harm     .   m - +2 cloak {Stlth+}
rCorr    .         Rampage  .   (no gloves)
Will     +++..     NoTele   +   (no boots)
Stlth    ..........             A - amulet "Fetietef" {Will+ Regen+ Str+2 Dex+2}
HPRegen  0.69/turn              G - ring of Odweclysi {rC+ Str+6 Dex+2}
MPRegen  0.13/turn              b - ring of Lokhlew {rElec rF+ rN+ Str-3 SInv}

@: mesmerised
A: no potions, fire vulnerability, cold resistance 1, negative energy resistance
3, torment resistance, unbreathing, in touch with death 1
a: Renounce Religion, Evoke Flight, Minor Destruction, Lesser Servant of
Makhleb, Major Destruction, Greater Servant of Makhleb


You were in the Dungeon.
You worshipped Makhleb.
Makhleb was exalted by your worship.
You visited 1 branch

Inventory:

Hand Weapons
 t - the cursed +14 obsidian axe (weapon) {vorpal, +Fly SInv *Curse}
   (You found it in the Dungeon)

   It inflicts extra damage upon your enemies.
   It lets you see invisible.
   It lets you fly.
   It curses itself when equipped.
   It has a curse placed upon it.
 C - the +7 sceptre of Torment {pain, torment}
   (You took it off a crimson imp in the Dungeon)

   In the hands of one skilled in necromantic magic, it inflicts extra damage on
   living creatures.
 F - a +9 broad axe of freezing
Armour
 a - +9 gold dragon scales (worn)
 m - a +2 cloak of stealth (worn)
 u - the +18 shield of the Gong (worn) {rElec rN+ Will+ EV-5}
   (You found it in the Dungeon)

   It affects your evasion (-5).
   It insulates you from electricity.
   It protects you from negative energy.
   It affects your willpower, your defense against some magical effects.
Jewellery
 b - the ring of Lokhlew (right hand) {rElec rF+ rN+ Str-3 SInv}
   (You found it in the Dungeon)

   [ring of see invisible]

   It affects your strength (-3).
   It protects you from fire.
   It insulates you from electricity.
   It protects you from negative energy.
   It lets you see invisible.
 l - the ring of Cynicism {+Blink +Fly Will+}
   (You found it in the Dungeon)

   [ring of flight]

   It affects your willpower, your defense against some magical effects.
   It lets you fly.
   It lets you blink.
 z - an uncursed ring of resist corrosion
 A - the amulet "Fetietef" (around neck) {Will+ Regen+ Str+2 Dex+2}
   (You found it in the Dungeon)

   [amulet of regeneration]

   It affects your strength (+2).
   It affects your dexterity (+2).
   It affects your willpower, your defense against some magical effects.
   It increases your rate of regeneration.
 G - the ring of Odweclysi (left hand) {rC+ Str+6 Dex+2}
   (You found it in the Dungeon)

   [ring of strength]

   It affects your strength (+6).
   It affects your dexterity (+2).
   It protects you from cold.
Wands
 i - a wand of disintegration (7)
 j - a wand of iceblast (7)
 k - a wand of acid (7)
Scrolls
 c - 4 scrolls of amnesia
 d - 3 scrolls of blinking
 e - 8 scrolls of fog
 f - 5 scrolls of identify
 g - 5 scrolls of remove curse
 h - 2 scrolls of fear
 n - a scroll of enchant weapon
 B - 7 scrolls of brand weapon
Miscellaneous
 s - a lightning rod (4/4)
 v - a tin of tremorstones (1/2)
 w - a phantom mirror
 y - a box of beasts
 D - a condenser vane (quivered)


   Skills:
 + Level 15.0 Fighting
 * Level 17.4 Axes
 + Level 12.9 Armour
 + Level 1.3 Dodging
 + Level 12.9 Shields
 + Level 12.7 Evocations


You had 12 spell levels left.
You didn't know any spells.
Your spell library was empty.

Dungeon Overview and Level Annotations

Branches:
Dungeon (1/1)

Altars:
Ashenzari
Cheibriados
Dithmenos
Elyvilon
Fedhas
Gozag
Hepliaklqana
Kikubaaqudgha
Makhleb
Nemelex Xobeh
Okawaru
Qazlal
Ru
Sif Muna
Trog
Uskayaw
Vehumet
Wu Jian
Xom
Yredelemnul
Zin
The Shining One
Beogh
Jiyva
Lugonu

Annotations:
D 1 transporter


Innate Abilities, Weirdness & Mutations

You do not drink.
Your flesh is vulnerable to fire.
You are immune to poison.
Your flesh is cold resistant. (rC+)
You are immune to negative energy. (rN+++)
You are immune to unholy pain and torment.
You can survive without breathing.
You are in touch with the powers of death.


Message History

The red draconian is engulfed in poison gas.
The red draconian looks as sick as possible!
The red draconian is engulfed in poison gas.
The red draconian looks as sick as possible!
The quicksilver dragon is engulfed in poison gas.
The quicksilver dragon looks as sick as possible!
You block the quicksilver dragon's attack.
GONNNNG!
The quicksilver dragon claws you.
* * * LOW HITPOINT WARNING * * *
The green draconian hits you but does no damage.
The green draconian tail-slaps you but does no damage.
The red draconian is engulfed in poison gas.
The red draconian looks as sick as possible!
The white draconian is engulfed in poison gas.
The white draconian looks as sick as possible!
The Orb Guardian is engulfed in poison gas.
The Orb Guardian looks as sick as possible!
The Orb Guardian hits you!!
You die...

▓..:|=..[||:..▓...........
▓..§§§|§=§§|..▓.....†.....
▓.§§§§§§§§§...▓....†......
▓.§.§§.§§§§§..▓...††.††...
▓.§§§§§§§§§§..▓..▓†....▓..
▓...§§q§§d....▓.▓▓▓...▓▓▓.
▓....§ddqddd..▓..▓.....▓..
▓..▓.§§.XXd▓..▓.....©.....
▓ ▓▓§d§D@▓▓ ▓▓▓▓▓▓▓▓▓▓▓▓
▓..▓....d..▓..▓....8©8....
▓.............▓..|=.:))...
▓......©......▓...)=|:)...
▓▓▓▓▓▓▓▓▓▓▓▓▓▓▓...........
▓........... ▓...........
▓........... ▓..▓.....▓..


You could see a green draconian knight (fast, icy armour, invisible, slow), a
black draconian (berserk, extremely poisoned), 2 draconians, a green draconian,
3 draconians, 2 draconians, a purple draconian shifter (very poisoned), a
quicksilver dragon (mesmerising, berserk, extremely poisoned) and 2 Orb
Guardians.

Vanquished Creatures
  3 pandemonium lords (D)
  An Orb Guardian (D)
  A deep elf blademaster (D)
  A tentacled starspawn (D)
  A balrug (D)
  A black draconian (D)
  A green death (D)
  2 hell beasts (D)
  A hydra (D)
  A spriggan air mage (D)
  A dancing weapon (D)
  A deep elf knight (D)
  A sixfirhy (D)
  A spriggan druid (D)
  2 deep elf archers (D)
  An orb spider (D)
  4 deep elf magi (D)
  3 wolf spiders (D)
  2 moths of wrath (D)
  An elephant (D)
  A black mamba (D)
  A rust devil (D)
  3 cane toads (D)
  A torpor snail (D)
  2 rime drakes (D)
  2 demonic crawlers (D)
  An ice devil (D)
  A komodo dragon (D)
  A hellwing (D)
  A freezing wraith (D)
  An ancient zyme (D)
  A hornet (D)
  3 jumping spiders (D)
  A polar bear (D)
  A blink frog (D)
  A dream sheep (D)
  2 redbacks (D)
  3 yaks (D)
  2 tarantellas (D)
  A ynoxinul (D)
  A wyvern (D)
  3 large abominations (D)
  A naga (D)
  3 water moccasins (D)
  A phantom (D)
  2 ice beasts (D)
  2 necrophages (D)
  A wolf (D)
  A bullfrog (D)
  2 crimson imps (D)
  6 quasits (D)
  2 iron imps (D)
  An orc wizard (D)
  An adder (D)
  2 shadow imps (D)
  2 white imps (D)
  6 ufetubi (D)
  An adder zombie (D)
  An adder skeleton (D)
  An orc (D)
  2 ball pythons (D)
  A bat skeleton (D)
  2 bat zombies (D)
  A jackal zombie (D)
  A leopard gecko zombie (D)
  A starspawn tentacle (D)
108 creatures vanquished.

Vanquished Creatures (collateral kills)
  A blizzard demon (D)
  A wolf spider (D)
  An elephant (D)
  An apocalypse crab (D)
  A naga mage (D)
  A freezing wraith (D)
  2 yaktaurs (D)
  An ice devil (D)
  An air elemental (D)
  A wyvern (D)
  2 water moccasins (D)
  2 hell hounds (D)
  2 necrophages (D)
  A centaur (D)
  A crimson imp (D)
  A shadow imp (D)
  A white imp (D)
  3 ufetubi (D)
  An adder skeleton (D)
  A starspawn tentacle (D)
26 creatures vanquished.

Vanquished Creatures (others)
  A soul eater (D)
1 creature vanquished.

Grand Total: 135 creatures vanquished

Notes
Turn   | Place    | Note
-------+----------+-------------------------------------------
     0 | D        | Zeldest the Mummy Fighter began the quest for the Orb.
     0 | D        | Reached XP level 1. HP: 18/18 MP: 1/1
    16 | D        | Found a blossoming altar of Fedhas.
    17 | D        | Found the +6 Majin-Bo {vamp, MP+6 Int+6}
    17 | D        | Found the +9 heavy crossbow "Sniper" {vorpal, Acc+∞ SInv}
    17 | D        | Found the +10 dark maul {vorpal}
    17 | D        | Found the +15 Maxwell's patent armour {-Cast -Tele rElec
                  | Will+ rCorr}
    17 | D        | Found the +18 shield of the Gong {rElec rN+ Will+ EV-5}
    17 | D        | Found the cursed +14 obsidian axe {vorpal, +Fly SInv
                  | *Curse}
    17 | D        | Found the +7 great mace "Firestarter" {inner flame, rF++}
    17 | D        | Found the +6 shillelagh "Devastator" {shatter}
    17 | D        | Found the +11 plutonium sword {*Contam Stlth-}
    17 | D        | Found the +8 lance "Wyrmbane" {slay drac, rPois rF+ rC+
                  | AC+3}
    17 | D        | Found the +9 sword of Zonguldrok {reap}
    17 | D        | Found the cursed +13 scythe of Curses {drain, *Curse}
    17 | D        | Found the +5 sword of Power {vorpal}
    17 | D        | Found the +7 mace of Variability {chain chaos}
    17 | D        | Found the +7 Singing Sword {vorpal, sonic wave}
    17 | D        | Found the +8 storm bow {elec, penet}
    17 | D        | Found a viscous altar of Jiyva.
    17 | D        | Found a hazy altar of Hepliaklqana.
    17 | D        | Found a transporter.
    17 | D        | Found an opulent altar of Gozag.
    17 | D        | Found an ancient bone altar of Kikubaaqudgha.
    17 | D        | Found a corrupted altar of Lugonu.
    26 | D        | Found a burning altar of Makhleb.
    27 | D        | Found a sacrificial altar of Ru.
    27 | D        | Found a stormy altar of Qazlal.
    27 | D        | Found a shimmering blue altar of Sif Muna.
    27 | D        | Found an iron altar of Okawaru.
    27 | D        | Found a bloodstained altar of Trog.
    27 | D        | Found a sparkling altar of Nemelex Xobeh.
    78 | D        | Became a worshipper of Makhleb the Destroyer
    85 | D        | Entered arena 2.
    85 | D        | Noticed an orc wizard
    85 | D        | Found a transporter.
    87 | D        | Killed an orc wizard
    88 | D        | Reached skill level 3 in Axes
    88 | D        | Reached skill level 1 in Evocations
    88 | D        | Reached XP level 2. HP: 25/25 MP: 2/2
    95 | D        | Entered arena 3.
    95 | D        | Noticed a centaur
    95 | D        | Noticed a yaktaur
    95 | D        | Noticed a yaktaur
    95 | D        | Found a transporter.
    96 | D        | Identified the +3 flail of Sosev {protect, rPois Str+4}
    98 | D        | Killed a centaur
    98 | D        | Reached * piety under Makhleb
    99 | D        | Reached skill level 4 in Axes
    99 | D        | Reached XP level 3. HP: 30/30 MP: 3/3
   101 | D        | Killed a yaktaur
   102 | D        | Reached skill level 5 in Fighting
   102 | D        | Reached skill level 5 in Axes
   102 | D        | Reached XP level 4. HP: 39/39 MP: 4/4
   102 | D        | Reached XP level 5. HP: 44/44 MP: 5/5
   102 | D        | Killed a yaktaur
   103 | D        | Reached skill level 7 in Axes
   103 | D        | Reached skill level 5 in Armour
   103 | D        | Reached skill level 5 in Shields
   103 | D        | Reached XP level 6. HP: 53/53 MP: 6/6
   108 | D        | Entered arena 4.
   108 | D        | Found a transporter.
   112 | D        | Reached ** piety under Makhleb
   114 | D        | Reached *** piety under Makhleb
   119 | D        | Entered arena 5.
   119 | D        | Found a transporter.
   123 | D        | Reached skill level 5 in Evocations
   123 | D        | Reached XP level 7. HP: 59/59 MP: 7/7
   127 | D        | Reached skill level 8 in Axes
   128 | D        | Reached **** piety under Makhleb
   135 | D        | Entered arena 6.
   135 | D        | Noticed a hellwing
   135 | D        | Found a transporter.
   139 | D        | Noticed an ice devil
   139 | D        | Reached ***** piety under Makhleb
   143 | D        | Killed a hellwing
   156 | D        | Entered arena 7.
   156 | D        | Noticed a black mamba
   156 | D        | Noticed a naga mage
   157 | D        | Found a transporter.
   161 | D        | Reached skill level 9 in Axes
   161 | D        | Reached XP level 8. HP: 68/68 MP: 8/8
   162 | D        | Killed a black mamba
   162 | D        | Killed a naga mage
   177 | D        | Got the amulet "Fetietef" {Will+ Regen+ Str+2 Dex+2}
   187 | D        | Entered arena 8.
   187 | D        | Noticed an ancient zyme
   188 | D        | Found a transporter.
   191 | D        | Reached ****** piety under Makhleb
   193 | D        | Killed an ancient zyme
   194 | D        | Reached skill level 10 in Axes
   195 | D        | Reached XP level 9. HP: 76/76 MP: 9/9
   202 | D        | Entered arena 9.
   202 | D        | Noticed an apocalypse crab
   202 | D        | Noticed a tentacled starspawn
   204 | D        | Found a transporter.
   208 | D        | Killed an apocalypse crab
   211 | D        | Killed a tentacled starspawn
   212 | D        | Reached skill level 10 in Fighting
   212 | D        | Reached skill level 11 in Axes
   228 | D        | Entered arena 10.
   228 | D        | Noticed Racrun the pandemonium lord
   230 | D        | Found a transporter.
   233 | D        | Reached XP level 10. HP: 85/85 MP: 10/10
   236 | D        | Killed Racrun the pandemonium lord
   237 | D        | Reached skill level 12 in Axes
   246 | D        | Entered arena 11.
   247 | D        | Found a transporter.
   252 | D        | Reached skill level 13 in Axes
   264 | D        | Entered arena 12.
   264 | D        | Noticed a deep elf archer
   264 | D        | Noticed a deep elf mage
   264 | D        | Noticed a deep elf mage
   264 | D        | Noticed a deep elf archer
   264 | D        | Noticed a +1 glaive of venom
   264 | D        | Noticed a deep elf mage
   265 | D        | Noticed a deep elf blademaster
   265 | D        | Noticed a deep elf mage
   265 | D        | Noticed a deep elf knight
   266 | D        | Identified the +4 bardiche of Salt {freeze, Fragile Str+6
                  | Int+3 SInv}
   269 | D        | Killed a deep elf mage
   270 | D        | Reached XP level 11. HP: 78/93 MP: 11/11
   270 | D        | Killed a deep elf mage
   271 | D        | Killed a deep elf mage
   273 | D        | Killed a deep elf blademaster
   273 | D        | Killed a deep elf archer
   274 | D        | Reached skill level 10 in Armour
   274 | D        | Reached skill level 10 in Shields
   276 | D        | Killed a deep elf knight
   277 | D        | Reached skill level 10 in Evocations
   278 | D        | Killed a deep elf mage
   280 | D        | Killed a deep elf archer
   281 | D        | Found a transporter.
   285 | D        | Killed a +1 glaive of venom
   286 | D        | Reached skill level 14 in Axes
   299 | D        | Entered arena 13.
   299 | D        | Noticed a hell beast
   299 | D        | Noticed Gymuekuv the pandemonium lord
   299 | D        | Noticed a balrug
   299 | D        | Noticed a large abomination
   299 | D        | Noticed a soul eater
   299 | D        | Noticed a hell beast
   299 | D        | Noticed Zaw Fala the pandemonium lord
   302 | D        | Noticed a green death
   303 | D        | Killed a large abomination
   303 | D        | Killed a balrug
   303 | D        | Killed a hell beast
   303 | D        | Killed a hell beast
   304 | D        | Noticed a sixfirhy
   307 | D        | Killed a soul eater
   310 | D        | Killed Gymuekuv the pandemonium lord
   311 | D        | Reached skill level 15 in Axes
   311 | D        | Reached XP level 12. HP: 105/105 MP: 12/12
   311 | D        | Killed a green death
   315 | D        | Killed Zaw Fala the pandemonium lord
   321 | D        | Found a transporter.
   328 | D        | Got the ring of Lokhlew {rElec rF+ rN+ Str-3 SInv}
   335 | D        | Entered arena 14.
   336 | D        | Noticed a blizzard demon
   345 | D        | Reached skill level 16 in Axes
   348 | D        | Killed a blizzard demon
   349 | D        | Found a transporter.
   356 | D        | Got the ring of Odweclysi {rC+ Str+6 Dex+2}
   371 | D        | Got the ring of Cynicism {+Blink +Fly Will+}
   375 | D        | Entered arena 15.
   376 | D        | Noticed a four-headed hydra
   378 | D        | Found a transporter.
   382 | D        | Killed a seven-headed hydra
   403 | D        | Entered arena 16.
   404 | D        | Noticed a spriggan air mage
   406 | D        | Found a transporter.
   409 | D        | Gained mutation: You are in touch with the powers of death.
                  | [Mummy growth]
   409 | D        | Reached XP level 13. HP: 99/114 MP: 13/13
   429 | D        | Entered arena 17.
   434 | D        | Found a transporter.
   438 | D        | Reached skill level 17 in Axes
   473 | D        | Entered arena 18.
   476 | D        | Noticed a black draconian
   476 | D        | Noticed a green draconian knight
   476 | D        | Noticed a white draconian
   476 | D        | Noticed a white draconian
   476 | D        | Noticed a red draconian
   476 | D        | Noticed an Orb Guardian
   476 | D        | Noticed a green draconian
   476 | D        | Noticed a yellow draconian
   476 | D        | Noticed an Orb Guardian
   476 | D        | Noticed a red draconian
   476 | D        | Noticed a purple draconian shifter
   476 | D        | Noticed a yellow draconian
   477 | D        | Noticed a quicksilver dragon
   477 | D        | Noticed a black draconian
   477 | D        | Noticed a red draconian
   477 | D        | Noticed an Orb Guardian
   478 | D        | Found a transporter.
   482 | D        | Reached skill level 15 in Fighting
   484 | D        | Killed a black draconian
   485 | D        | Reached skill level 1 in Dodging
   485 | D        | Killed an Orb Guardian
   485 | D        | Annihilated by an Orb Guardian

Illustrated notes

Levels and vault maps discovered:
D:        sprint_v [room_start, room_1, room_2, room_3, room_4, room_5, room_6,
          room_7, room_8, room_9, room_10, room_11, room_12, room_13, room_14,
          room_15, room_16, room_17, room_18, room_19, room_20, room_21,
          room_22, room_23, room_24, room_25, room_26, room_27]

Skill      XL: |  1  2  3  4  5  6  7  8  9 10 11 12 13 |
---------------+----------------------------------------+-----
Axes           | 3 4 5 7 9 10 11 13 15 16 17 | 17.4
Armour         | 3 4 5 6 7 8 9 11 12 | 12.9
Shields        | 3 4 5 6 7 8 9 11 12 | 12.9
Evocations     | 1 2 3 4 5 6 7 8 9 11 12 | 12.7
Fighting       | 4 5 6 8 9 10 11 13 14 15 | 15.0
Dodging        | 1 |  1.3

Action                   |  1- 3 |  4- 6 |  7- 9 | 10-12 | 13-15 || total
-------------------------+-------+-------+-------+-------+-------++-------
Melee: Broad axe         |     5 |     7 |    30 |    58 |    16 ||   116
Evoke: Condenser vane    |       |       |     1 |     4 |     2 ||     7
       Tin of tremorston |       |       |     1 |     2 |     2 ||     5
       Box of beasts     |       |       |       |     1 |       ||     1
  Use: Scroll            |       |       |     4 |       |     4 ||     8
Armor: Gold dragon scale |     5 |     3 |    17 |    46 |    44 ||   115
Dodge: Dodged            |       |       |       |       |     1 ||     1
Block: Kite shield       |     9 |    11 |    59 |    89 |    63 ||   231

Table legend: (Time is in decaauts)
 A = Elapsed time spent in this place.
 B = Non-inter-level travel time spent in this place.
 C = Inter-level travel time spent in this place.
 D = Time resting spent in this place.
 E = Time spent auto-exploring this place.
 F = Levels seen in this place.
 G = Mean time per level.
                   A        B        C        D        E       F      G
               +--------+--------+--------+--------+--------+-----+--------+
         Total |    499 |    499 |      0 |      0 |      0 |   1 |  499.0 |
       Dungeon |    499 |    499 |      0 |      0 |      0 |   1 |  499.0 |
               +--------+--------+--------+--------+--------+-----+--------+

Top non-repeatable levels by time:
       D: 499 daAuts
